 Dungeon Crawl Stone Soup version 0.23.2-33-g5129a83184 (webtiles) character file.

Game seed: 606265914808296701

65 Folque the Digger (level 3, 0/29 HPs)
             Began as a Draconian Earth Elementalist on June 26, 2019.
             Killed from afar by an orc wizard (7 damage)
             ... with a magic dart
             ... on level 2 of the Dungeon.
             The game lasted 00:04:28 (1087 turns).

Folque the Digger (Draconian Earth Elementalist)    Turns: 1087, Time: 00:04:28

Health: 0/29       AC:  5    Str: 10    XL:     3   Next: 94%
Magic:  1/7        EV: 12    Int: 16    God:
Gold:   30         SH:  0    Dex: 11    Spells: 1/7 levels left

rFire    . . .     SeeInvis .   f - +0 short sword
rCold    . . .     Gourm    .   (no shield)
rNeg     . . .     Faith    .   (armour unavailable)
rPois    .         Spirit   .   (helmet restricted)
rElec    .         Reflect  .   (no cloak)
rCorr    .         Harm     .   (no gloves)
MR       .....                  (no boots)
Stlth    ++........             (no amulet)
HPRegen  0.09/turn              (no ring)
MPRegen  0.10/turn              (no ring)

@: very slightly contaminated
A: unfitting armour, cold-blooded, AC +5
a: no special abilities


You were on level 2 of the Dungeon.
You were hungry.

You visited 1 branch of the dungeon, and saw 2 of its levels.

You collected 30 gold pieces.

Inventory:

Hand Weapons
 f - a +0 short sword (weapon)
Missiles
 b - 56 stones (quivered)
 i - 5 poisoned needles
Magical Staves
 k - an uncursed staff of air {unknown}
Scrolls
 e - a scroll of identify
 n - a scroll of remove curse {unknown}
Potions
 a - a potion of heal wounds {unknown}
 g - a potion of flight {unknown}
 h - a potion of curing
 j - a potion of mutation {unknown}
 l - 2 potions of brilliance {unknown}
 m - a potion of degeneration {unknown}
Comestibles
 c - 2 rations
 d - 3 chunks of flesh


   Skills:
 - Level 2.0 Fighting
 - Level 1.7 Dodging
 - Level 1.7 Stealth
 + Level 2.7 Spellcasting
 * Level 1.0 Conjurations
 - Level 1.0 Transmutations
 + Level 3.6 Earth Magic


You had one spell level left.
You knew the following spells:

 Your Spells              Type           Power        Failure   Level  Hunger
a - Sandblast             Erth           ##....       4%          1    #......
b - Passwall              Tmut/Erth      #.......     11%         2    ##.....
c - Stone Arrow           Conj/Erth      #.....       22%         3    ###....

Your spell library contained the following spells:

 Spells                   Type           Power        Failure   Level  Hunger
 Petrify                  Tmut/Erth      #.......     58%         4    #####..
 Lee's Rapid Deconstruct  Erth           ##........   77%         5    ######.


Dungeon Overview and Level Annotations

Branches:
Dungeon (2/15)

Altars:


Innate Abilities, Weirdness & Mutations

Your plain brown scales are hard. (AC +5)
You cannot fit into any form of body armour.
You are cold-blooded and may be slowed by cold attacks.


Message History

You aren't carrying any items that you can evoke without wielding.
Wield which item (- for none, * to show all)? (? for menu, Esc to quit)
Okay, then.
As you read the scroll labeled GOS DOTAKOUJ, it crumbles to dust.
It is a scroll of identify.
h - 2 potions of curing Something hits you.
* * * LOW HITPOINT WARNING * * *
You hear some strange, mumbled words.
A magic dart appears from out of thin air!
The magic dart hits you.
* * * LOW HITPOINT WARNING * * *
You feel better.
You are feeling hungry.
Something hits you but does no damage.
You closely miss something.
You hear some strange, mumbled words.
A magic dart appears from out of thin air!
The magic dart hits you!
You die...

#.# #.# ##..#.
#.# #.# #...#.
#.# #.#
###)#### #.#
#.#####.....#
#.#
#.......###.#.
#.#
#######...#...
#.# ###.#.##
#.#
#######...#
#@#
#...÷.÷..##
#{# #.########
#o#
##.########
#o#
#.........###
#.#
#......##.#.)
#.#
#.####.##.#.#
#.# #.
#.##.#.# #.#
#. #....... #.
#......^


You could see 2 orcs.

Vanquished Creatures
  An adder (D:2)
  An ooze (D:1)
  A worm (D:2)
  A leopard gecko (D:1)
  2 orcs (D:2)
  4 goblins
  7 hobgoblins
  9 kobolds
  2 quokkas (D:2)
  8 bats
  4 frilled lizards
  9 rats
49 creatures vanquished.

Notes
Turn   | Place    | Note
-------+----------+-------------------------------------------
     0 | D:1      | Folque the Draconian Earth Elementalist began the quest for
                  | the Orb.
     0 | D:1      | Reached XP level 1. HP: 14/14 MP: 3/3
    92 | D:1      | Reached skill level 1 in Fighting
    92 | D:1      | Reached XP level 2. HP: 18/23 MP: 1/5
   104 | D:1      | Learned a level 2 spell: Passwall
   567 | D:1      | Reached XP level 3. HP: 29/29 MP: 6/6
   796 | D:2      | Learned a level 3 spell: Stone Arrow
  1068 | D:2      | Reached skill level 1 in Conjurations
  1085 | D:2      | HP: 1/29 [something/magic dart (3)]
  1087 | D:2      | Killed from afar by an orc wizard

Skill      XL: |  1  2  3 |
---------------+----------+-----
Fighting       | 1 2 |  2.0
Conjurations   | 1 |  1.0
Dodging        | |  1.7
Stealth        | |  1.7
Spellcasting   | |  2.7
Transmutations | |  1.0
Earth Magic    | |  3.6

Action                   || total
-------------------------++-------
Melee: Unarmed           ||    32
       Short sword       ||   101
       Tailslap          ||    10
 Cast: Sandblast         ||    20
       Stone Arrow       ||     3
  Use: Scroll            ||     1
       Potion            ||     1
 Stab: Sleeping          ||     4
  Eat: Chunk             ||     1
Armor: Skin              ||    42
Dodge: Dodged            ||    86
